 Dungeon Crawl Stone Soup version 0.27-a0-1308-gc08437e49b (webtiles) character file.

Game seed: 5141875701482665890

41 funkygono the Stinger (level 3, -14/24 HPs)
             Began as a Formicid Venom Mage on June 18, 2021.
             Demolished by a gnoll (15 damage)
             ... on level 1 of the Dungeon.
             The game lasted 00:02:15 (1474 turns).

funkygono the Stinger (Formicid Venom Mage)         Turns: 1474, Time: 00:02:15

Health: -14/24     AC:  2    Str: 12    XL:     3   Next: 75%
Magic:  4/7        EV: 12    Int: 15    God:
Gold:   15         SH:  0    Dex: 11    Spells: 6/7 levels left

rFire    . . .     SeeInvis +   c - +1 club
rCold    . . .     Faith    .   (no shield)
rNeg     . . .     Spirit   .   a - +0 robe
rPois    .         Reflect  .   (helmet unavailable)
rElec    .         Harm     .   (no cloak)
rCorr    .         Rampage  .   (no gloves)
Will     .....                  (no boots)
Stlth    ++........             (no amulet)
HPRegen  0.08/turn              f - ring of flight
MPRegen  0.10/turn              (no ring)

@: flying
A: permanent stasis, dig shafts and tunnels, antennae 3, four strong arms
a: Dig, Shaft Self


You were on level 1 of the Dungeon.
You visited 1 branch of the dungeon, and saw 2 of its levels.

You collected 15 gold pieces.

Inventory:

Hand Weapons
 c - a +1 club (weapon)
Armour
 a - a +0 robe (worn)
Jewellery
 f - a ring of flight (left hand)
Scrolls
 d - a scroll of enchant weapon
Potions
 e - a potion of curing {unknown}
 g - a potion of berserk rage {unknown}


   Skills:
 + Level 0.2 Maces & Flails
 + Level 1.9 Dodging
 - Level 2.4 Stealth
 + Level 2.7 Spellcasting
 + Level 1.9 Transmutations
 + Level 4.9 Poison Magic


You had 6 spell levels left.
You knew the following spells:

 Your Spells              Type           Power      Damage    Failure   Level
a - Sting                 Tmut/Pois      48%        1d5       4%          1

Your spell library contained the following spells:

 Spells                   Type           Power      Damage    Failure   Level
 Poisonous Vapours        Pois/Air       18%        N/A       12%         2
 Ignite Poison            Fire/Tmut/Pois 8%         N/A       24%         3
 Olgreb's Toxic Radiance  Pois           16%        N/A       26%         4
 Mephitic Cloud           Conj/Pois/Air  6%         N/A       32%         3


Dungeon Overview and Level Annotations

Branches:
Dungeon (2/15)

Altars:


Innate Abilities, Weirdness & Mutations

You cannot be hasted, slowed, berserked, paralysed or teleported.
You can dig through walls and to a lower floor.
You have a pair of large antennae on your head. (SInv)
Your four strong arms can wield two-handed weapons with a shield.


Message History

There is a stone staircase leading down here.
Things that are here:
a +0 whip; a gnoll skeleton You fly downwards.
The frilled lizard misses you.
There is a stone staircase leading up here.
Casting: Sting (safe; 4% risk of failure)
Confirm with . or Enter, or press ? or * to list all spells.
Aiming: Sting (safe; 4% risk of failure)
Press: ? - help, Shift-Dir - straight line, f - frilled lizard
Aim: a frilled lizard (53% to hit)
The sting hits the frilled lizard.
The frilled lizard is poisoned.
You kill the frilled lizard!
The gnoll hits you with a +0 halberd!
You fly upwards.
There is a stone staircase leading down here.
Things that are here:
a +0 whip; a gnoll skeleton
Casting: Sting (safe; 4% risk of failure)
Confirm with . or Enter, or press ? or * to list all spells.
Aiming: Sting (safe; 4% risk of failure)
Press: ? - help, Shift-Dir - straight line, f - gnoll
Aim: a gnoll, wielding a +0 halberd (75% to hit)
The sting misses the gnoll.
The gnoll hits you with a +0 halberd!
* * * LOW HITPOINT WARNING * * *
You hit the gnoll but do no damage. The gnoll hits you with a +0 halberd.
* * * LOW HITPOINT WARNING * * *
The gnoll barely misses you.
Casting: Sting (safe; 4% risk of failure)
Confirm with . or Enter, or press ? or * to list all spells.
Aiming: Sting (safe; 4% risk of failure)
Press: ? - help, Shift-Dir - straight line, f/p - gnoll
Aim: a gnoll, wielding a +0 halberd (75% to hit)
The sting hits the gnoll.
The gnoll is poisoned.
The gnoll is moderately wounded.
The gnoll closely misses you.
It was a potion of haste.
Your stasis prevents you from being hasted.
The gnoll hits you with a +0 halberd!
Ouch! That really hurt!
You die...

#.####..######## #.# #..# #.#
#..# #.# #..# ########### #(#
#..########
#..)......###.####.....#....
#.#######.....#........#.###
#.# #######g................
#.# #......@.............###
#.# ##.##...#.#.###........#
#.# #.##.#.#...............
####.####.##.#.#.#.............
#.......#.##.#.................
##.#.##+#.....)#.###########...
#.#.....#####.#.###########...
#.##..........#...............
#.......###.###..######.......


You could see a gnoll (poisoned).

Vanquished Creatures
  2 gnolls
  A worm (D:2)
  A dart slug (D:1)
  5 ball pythons
  2 goblins (D:1)
  A hobgoblin (D:2)
  A bat (D:1)
  2 frilled lizards
  2 rats
17 creatures vanquished.

Notes
Turn   | Place    | Note
-------+----------+-------------------------------------------
     0 | D:1      | funkygono the Formicid Venom Mage began the quest for the
                  | Orb.
     0 | D:1      | Reached XP level 1. HP: 13/13 MP: 3/3
   283 | D:1      | Reached XP level 2. HP: 19/19 MP: 1/5
   907 | D:2      | Reached XP level 3. HP: 15/24 MP: 0/6
  1187 | D:1      | HP: 1/24 [gnoll (6)]
  1472 | D:1      | HP: 1/24 [gnoll (6)]
  1474 | D:1      | Demolished by a gnoll

Illustrated notes

Levels and vault maps discovered:
D:1:      lemuel_arrival_room, layout_basic
D:2:      layout_basic, grunt_decor_junction, uniq_sigmund

Action                   || total
-------------------------++-------
Melee: Club              ||    18
 Cast: Sting             ||    28
  Use: Scroll            ||     2
       Potion            ||     1
Armor: Robe              ||     2
Dodge: Dodged            ||    20

Table legend: (Time is in decaauts)
 A = Elapsed time spent in this place.
 B = Non-inter-level travel time spent in this place.
 C = Inter-level travel time spent in this place.
 D = Time resting spent in this place.
 E = Time spent auto-exploring this place.
 F = Levels seen in this place.
 G = Mean time per level.
                   A        B        C        D        E       F      G
               +--------+--------+--------+--------+--------+-----+--------+
         Total |   1480 |   1479 |      1 |    524 |    782 |   2 |  740.0 |
       Dungeon |   1480 |   1479 |      1 |    524 |    782 |   2 |  740.0 |
               +--------+--------+--------+--------+--------+-----+--------+

Top non-repeatable levels by time:
     D:1: 1282 daAuts
     D:2: 198 daAuts
